AoeStats
← -J&R- bandit

African Clearing

503787839Analyzed
2v2 RM · 1mo ago on Sep 2, 2026· 21m 42s· 4 players
Game mode
Random Map
Map size
Medium (4 player)
Population
200
Speed
Normal
Resources
Standard
Victory
Conquest
Starting age
Dark Age
Ending age
Imperial Age
RankedLock teamsTeams togetherTeam positionsShared explorationLock speedFull tech treeHidden civsTurbo modeCheats
Victory
Defeat
🇩🇪 Wei · Germany
1170
+14
🇩🇪 Jurchens · Germany
1164
+14
🇨🇱 Inca · Chile
1154
-15
🇳🇱 Persians · Netherlands
1097
-13
-J&R- bandit
5:42 Loom
13:51 Feudal Age
16:21 Forging
19:19 Town Watch
JavierKH
Ibu
11:56 Feudal Age
13:14 Loom
15:00 Double-Bit Axe
17:50 Forging
18:44 Wheelbarrow
22:39 Castle Age
π t
7:59 Loom
11:42 Feudal Age
12:59 Double-Bit Axe
14:58 Horse Collar
20:44 Wheelbarrow
20:06 Gold Mining
20:09 Stone Mining
23:01 Castle Age
21:10 Fletching
21:25 Scale Barding Armor
22:15 Bloodlines
Connection lost

Rejoining the realm…

Still unreachable

The connection could not be restored.

Session expired

The server has moved on; the page needs a fresh start.